 Dungeon Crawl Stone Soup version 0.31-a0-889-g1a8549509d (webtiles) character file.

Game seed: 8522467540470052184

30 Ahpoh the Trooper (level 3, 0/33 HPs)
             Began as a Ghoul Monk on Oct 16, 2023.
             Slain by a quokka (4 damage)
             ... on level 2 of the Dungeon.
             The game lasted 00:02:24 (1252 turns).

Ahpoh the Trooper (Ghoul Monk)                      Turns: 1252, Time: 00:02:24

Health: 0/33       AC:  3    Str: 14    XL:     3   Next: 20%
Magic:  2/2        EV: 12    Int:  5    God:
Gold:   64         SH:  0    Dex: 13    Spells: 2/2 levels left

rFire   . . .        a - +0 falchion
rCold   + . .        d - orb {light}
rNeg    + + +        h - +0 leather armour
rPois   ∞            (no helmet)
rElec   .            (no cloak)
rCorr   .            (no gloves)
SInv    .            (no boots)
Will    .....        (no amulet)
Stlth   +            b - ring of wizardry
HPRegen 0.00/turn    (no ring)
MPRegen 0.08/turn

%: wizardry (x1)
@: inhibited regen, glowing
A: claws 1, cold resistance 1, negative energy resistance 3, inhibited
regeneration, torment resistance 2, devour on kill
a: no special abilities


You were on level 2 of the Dungeon.
You visited 1 branch of the dungeon, and saw 2 of its levels.

You collected 64 gold pieces.

Inventory:

Hand Weapons
 a - a +0 falchion (weapon)
Armour
 d - an orb of light (worn)
 h - a +0 leather armour (worn)
 i - a +2 robe of willpower
Jewellery
 b - a ring of wizardry (left claw)
Potions
 c - a potion of ambrosia
 e - a potion of might {unknown}
 f - a potion of mutation {unknown}
 g - a potion of curing {unknown}


   Skills:
 + Level 3.7 Fighting
 + Level 3.1 Long Blades
 + Level 3.1 Dodging
 + Level 0.3 Stealth


You had 2 spell levels left.
You didn't know any spells.
Your spell library was empty.

Dungeon Overview and Level Annotations

Branches:
Dungeon (2/15)

Altars:

Annotations:
D:2 Jessica


Innate Abilities, Weirdness & Mutations

You are immune to poison.
You have sharp fingernails.
Your flesh is cold resistant. (rC+)
You are immune to negative energy. (rN+++)
You do not regenerate when monsters are visible.
You are immune to unholy pain and torment.
You thrive by killing the living.


Message History

Jessica burns you.
A quokka comes into view.
Jessica hits you but does no damage.
You barely miss Jessica.
Jessica is lightly wounded.
Jessica misses you.
You barely miss Jessica.
Jessica is lightly wounded.
Jessica hits you with a +1 dagger of flaming.
Jessica burns you.
You barely miss Jessica.
Jessica is lightly wounded.
Jessica hits you with a +1 dagger of flaming.
Jessica burns you.
Jessica mumbles some strange words.
Jessica blinks!
Jessica attacks as she pursues you!
Jessica hits you with a +1 dagger of flaming.
Jessica burns you. Jessica attacks as she pursues you!
Jessica hits you with a +1 dagger of flaming.
Jessica burns you. Jessica attacks as she pursues you! Jessica misses you.
Jessica casts a spell.
Jessica seems to speed up.
Jessica points at you and mumbles some strange words.
You resist with some effort. Jessica gestures at you while chanting.
You resist with some effort.
Jessica mumbles some strange words.
Jessica blinks!
The quokka attacks as it pursues you! The quokka bites you.
* * * LOW HITPOINT WARNING * * *
Jessica shouts, "I don't like beings like you!"
The quokka attacks as it pursues you! The quokka bites you.
* * * LOW HITPOINT WARNING * * *
Jessica gestures wildly while chanting.
Jessica blinks!
The quokka barely misses you. The quokka attacks as it pursues you!
The quokka bites you.
You die...

#.>.####.#####..#
#.##.....# .# #
#.##.###.# .# ..#
##.#..# #.# .
#...#..#.####.######.
###..................
.........####.#######
#....###.#....r.#
#.######)†....@.#
#....#......#
#....#......#
#....#....<.#
#....######## #.....
...>.## #.....#
......#


You could see a quokka.

Vanquished Creatures
  An adder (D:2)
  An endoplasm (D:1)
  A giant cockroach (D:1)
  7 goblins
  2 hobgoblins
  2 quokkas (D:1)
  2 ball pythons
  A bat (D:1)
  2 frilled lizards (D:1)
  A kobold (D:1)
20 creatures vanquished.

Notes
Turn   | Place    | Note
-------+----------+-------------------------------------------
     0 | D:1      | Ahpoh the Ghoul Monk began the quest for the Orb.
     0 | D:1      | Reached XP level 1. HP: 19/19 MP: 0/0
   235 | D:1      | Reached XP level 2. HP: 26/26 MP: 1/1
  1213 | D:2      | Reached XP level 3. HP: 33/33 MP: 2/2
  1225 | D:2      | Noticed Jessica
  1252 | D:2      | Slain by a quokka

Illustrated notes

Levels and vault maps discovered:
D:1:      kennysheep_arrival_forest, layout_loops_corners,
          hangedman_abyss_or_decor_stabs, nrook_mini_vaults,
          minmay_misc_feat_five
D:2:      layout_rooms, nrook_campfire, minmay_hexomino_f4, uniq_natasha,
          uniq_jessica

Skill      XL: |  1  2 |
---------------+-------+-----
Long Blades    | 3 |  3.1
Dodging        | 3 |  3.1
Fighting       | |  3.7
Stealth        | |  0.3

Action                     || total
---------------------------++-------
  Melee: Falchion          ||    62
 Armour: Robe              ||    22
         Leather armour    ||    19
  Dodge: Dodged            ||    39

Table legend: (Time is in decaauts)
 A = Elapsed time spent in this place.
 B = Non-inter-level travel time spent in this place.
 C = Inter-level travel time spent in this place.
 D = Time resting spent in this place.
 E = Time spent auto-exploring this place.
 F = Levels seen in this place.
 G = Mean time per level.
                   A        B        C        D        E       F      G
               +--------+--------+--------+--------+--------+-----+--------+
         Total |   1261 |   1245 |     16 |      0 |   1014 |   2 |  630.5 |
       Dungeon |   1261 |   1245 |     16 |      0 |   1014 |   2 |  630.5 |
               +--------+--------+--------+--------+--------+-----+--------+

Top non-repeatable levels by time:
     D:1: 1141 daAuts
     D:2: 119 daAuts
